 Dungeon Crawl Stone Soup version 0.19.0-19-g8c6edcc (webtiles) character file.

50451 Gingerlord the Grappler (level 14, -3/127 HPs)
             Began as a Ghoul Monk on Nov 12, 2016.
             Was the Champion of Makhleb.
             Slain by jalala's ghost (25 damage)
             ... in an ice cave.
             The game lasted 00:45:41 (16606 turns).

Gingerlord the Grappler (Ghoul Monk)               Turns: 16606, Time: 00:45:42

Health: -3/127     AC: 21    Str: 22    XL:     14   Next: 55%
Magic:  21/21      EV: 15    Int:  5    God:    Makhleb [******]
Gold:   802        SH:  0    Dex: 18    Spells: 0 memorised, 13 levels left

rFire  . . .     SeeInvis .       - Unarmed
rCold  + . .     Gourm    .     w - +1 chain mail
rNeg   + + +     Faith    +     (no shield)
rPois  ∞         Spirit   .     O - +2 hat
rElec  .         Reflect  .     F - +2 cloak
rCorr  .         Harm     .     m - +2 pair of gloves {Str+3}
MR     +....                    (no boots)
Stlth  ..........               P - amulet of faith
                                l - +5 ring of slaying
                                f - +6 ring of dexterity

@: very slightly contaminated, rotting, hasted, very quick
A: rotting body, claws 1, carnivore 3, cold resistance 1, negative energy
resistance 3, slow regeneration 1, torment resistance, unbreathing
a: Minor Destruction, Lesser Servant of Makhleb, Major Destruction, Greater
Servant of Makhleb, Renounce Religion


You were in an ice cave.
You worshipped Makhleb.
Makhleb was exalted by your worship.
You were not hungry.

You visited 4 branches of the dungeon, and saw 19 of its levels.
You also visited: Ice Cave and Volcano.

You collected 935 gold pieces.
You spent 133 gold pieces at shops.

Inventory:

Armour
 m - a +2 pair of gloves of strength (worn)
 w - a +1 chain mail (worn)
 F - a +2 cloak (worn)
 O - a +2 hat (worn)
Jewellery
 f - a +6 ring of dexterity (left hand)
 l - a +5 ring of slaying (right hand)
 q - an uncursed ring of flight
 P - an amulet of faith (around neck)
Wands
 d - a wand of hasting (4/9)
 j - a wand of disintegration (15/24)
 o - a wand of digging (12/24)
 y - a wand of teleportation (3/9)
 G - a wand of disintegration (13/24)
 L - a wand of heal wounds (5/9)
Scrolls
 a - 2 scrolls of enchant armour
 c - 7 scrolls of remove curse
 g - 2 scrolls of enchant weapon
 h - 4 scrolls of amnesia
 p - a scroll of identify
 u - a scroll of blinking
 A - 2 scrolls of fog
 H - 2 scrolls of teleportation
 J - 3 scrolls of recharging
 M - a scroll of fear
Potions
 e - 2 potions of heal wounds
 i - 4 potions of brilliance
 k - 2 potions of haste
 n - 2 potions of ambrosia
 r - 2 potions of resistance
 t - a potion of flight
 v - 5 potions of might
 B - 8 potions of curing
 D - 2 potions of agility
 E - 2 potions of magic
Miscellaneous
 x - a phial of floods
Comestibles
 b - 7 meat rations
 s - 8 chunks of flesh
 z - 10 royal jellies
 C - 8 beef jerkies
 K - 10 slices of pizza


   Skills:
 + Level 12.6 Fighting
 + Level 10.6 Armour
 + Level 10.8 Dodging
 - Level 2.1 Stealth
 + Level 12.9 Unarmed Combat
 + Level 11.4 Invocations


You had 13 spell levels left.
You didn't know any spells.

Dungeon Overview and Level Annotations

Branches:
Dungeon (10/15)            Temple (1/1) D:5            Lair (6/6) D:9
  Swamp (0/4) Lair:2       Spider (0/4) Lair:4        Slime (0/5) Lair:6
    Orc (2/2) D:9
    Elf: Orc:2

Altars:
Ashenzari
Dithmenos
Elyvilon
Gozag
Hepliaklqana
Kikubaaqudgha
Makhleb
Nemelex Xobeh
Qazlal
Ru
Sif Muna
Trog
Uskayaw
Vehumet
Xom
Yredelemnul
Zin
The Shining One
Jiyva

Shops:
D:4 [   D:9 (   D:10 *

Annotations:
Orc:1 kimtruck's ghost, journeyman MiBe IceCv jalala's ghost, journeyman MfGl


Innate Abilities, Weirdness & Mutations

Your body is rotting away.
You thrive on raw meat.
You are immune to poison.
You have sharp fingernails.
You are carnivorous and can eat meat at any time.
Your flesh is cold resistant. (rC+)
You are immune to negative energy. (rN+++)
You regenerate slowly when monsters are visible.
You are immune to unholy pain and torment.
You can survive without breathing.


Message History

Jalala's ghost is moderately damaged.
Jalala's ghost whispers, "There is no future for you."
Jalala's ghost hits you.
You completely miss jalala's ghost.
Jalala's ghost is moderately damaged.
Jalala's ghost completely misses you.
You feel yourself speed up. Jalala's ghost hits you!!
You are very lightly contaminated with residual magic.
You closely miss jalala's ghost.
Jalala's ghost is moderately damaged.
You completely miss jalala's ghost.
Jalala's ghost is moderately damaged.
You closely miss jalala's ghost.
Jalala's ghost is moderately damaged.
Jalala's ghost hits you!!
* * * LOW HITPOINT WARNING * * *
You hit jalala's ghost but do no damage.
Jalala's ghost is moderately damaged.
Jalala's ghost hits you!!
You die...

#######
#.#...##
##@.∩..##
#.W.....#
#...∩...#
##.....##
##...##
##...#
#...##
#...##
##...##


You could see jalala's ghost.

Vanquished Creatures
  Gastronok (D:10)
  The ghost of gressup the Bludgeoner, a journeyman MiAK of Lugonu (Lair:5)
  A merfolk avatar (Lair:6)
  2 hydras (Lair:5)
  Pikel (D:4)
  3 harpies (Lair:6)
  An orc sorcerer (Orc:2)
  An orb spider (Lair:4)
  An ugly thing (D:10)
  The ghost of AVeryAngryQuokka the Carver, a novice DsCK of Xom (D:6)
  A manticore (Lair:6)
  6 elephants
  Joseph (D:7)
  Psyche (D:10)
  11 spiny frogs
  10 black mambas
  2 rime drakes
  6 komodo dragons
  11 polar bears
  A wind drake (Lair:6)
  A queen bee (Lair:2)
  2 trolls (D:9)
  Grinder (D:3)
  2 hornets (Lair:6)
  11 dream sheep
  5 hippogriffs
  16 blink frogs
  A shadow (D:10)
  5 wyverns
  A human (D:8)
  6 fire bats (Volcano)
  3 hogs (D:8)
  29 yaks
  5 basilisks
  A hungry ghost (D:7)
  5 swamp worms (Lair:2)
  A hell hound (Volcano)
  13 water moccasins
  8 porcupines
  5 orc warriors
  5 sky beasts
  4 slaves (D:4)
  A necrophage (D:7)
  An ice beast (D:7)
  3 phantoms
  A swamp drake (D:9)
  2 black bears
  A hornet zombie (D:8)
  6 ogres
  33 wolves
  16 crocodiles
  3 centaurs
  A big kobold (D:8)
  9 bullfrogs
  A water moccasin zombie (D:5)
  4 scorpions
  25 killer bees
  9 wights (D:6)
  4 electric eels
  3 howler monkeys (D:7)
  3 crimson imps
  5 hounds
  6 lava snakes (Volcano)
  A quasit (D:9)
  11 orc priests
  16 orc wizards
  Crazy Yiuf (D:6)
  A jelly (D:8)
  Jessica (D:3)
  A bullfrog skeleton (D:6)
  3 iguanas
  6 hell rats (Lair:6)
  3 worker ants
  A hound skeleton (D:5)
  A howler monkey zombie (D:6)
  Robin (D:4)
  12 adders
  A howler monkey skeleton (D:10)
  2 shadow imps
  12 white imps (Orc:2)
  2 adder skeletons
  3 worms
  2 leopard geckos
  36 orcs
  6 bats
  4 giant cockroaches
  14 goblins
  7 hobgoblins
  7 jackals
  2 quokkas
  A ball python (D:3)
  5 frilled lizards
  A jackal skeleton (D:4)
  9 kobolds
  2 leopard gecko zombies
  A quokka zombie (D:6)
  6 rats
512 creatures vanquished.

Vanquished Creatures (collateral kills)
  3 hydras
  A komodo dragon (Lair:6)
  A yak (Lair:5)
  A wolf (Lair:2)
  A crocodile (D:10)
  A bullfrog (Lair:2)
  4 killer bees (Lair:2)
12 creatures vanquished.

Vanquished Creatures (others)
  4 fungi
  31 plants
35 creatures vanquished.

Grand Total: 559 creatures vanquished

Notes
Turn   | Place    | Note
-------+----------+-------------------------------------------
     0 | D:1      | Gingerlord the Ghoul Monk began the quest for the Orb.
     0 | D:1      | Reached XP level 1. HP: 19/19 MP: 0/0
   463 | D:1      | Reached XP level 2. HP: 23/26 MP: 1/1
   775 | D:2      | Reached skill level 1 in Armour
   775 | D:2      | Reached XP level 3. HP: 29/33 MP: 2/2
  1122 | D:2      | Reached XP level 4. HP: 30/39 MP: 3/3
  1533 | D:3      | Noticed Jessica
  1546 | D:3      | Killed Jessica
  1557 | D:3      | Noticed Grinder
  1578 | D:3      | Paralysed by Grinder for 4 turns
  1587 | D:3      | Killed Grinder
  1587 | D:3      | Reached XP level 5. HP: 46/47 MP: 4/4
  1587 | D:3      | Reached XP level 6. HP: 54/55 MP: 5/5
  2126 | D:4      | Found Siof Sic's Armour Boutique.
  2178 | D:4      | Reached skill level 5 in Fighting
  2252 | D:4      | Reached skill level 5 in Unarmed Combat
  2288 | D:4      | Reached XP level 7. HP: 61/61 MP: 6/6
  2303 | D:4      | Noticed Pikel
  2401 | D:4      | Killed Pikel
  2401 | D:4      | Reached XP level 8. HP: 70/70 MP: 7/7
  2620 | D:4      | Noticed Robin
  2645 | D:4      | Killed Robin
  2833 | D:5      | Entered Level 5 of the Dungeon
  2928 | D:5      | Reached skill level 5 in Dodging
  3064 | D:5      | Found a staircase to the Ecumenical Temple.
  3170 | Temple   | Entered the Ecumenical Temple
  3212 | Temple   | Became a worshipper of Makhleb the Destroyer
  3212 | Temple   | Reached * piety under Makhleb
  3212 | Temple   | Reached ** piety under Makhleb
  3591 | D:6      | Reached XP level 9. HP: 63/78 MP: 8/8
  3610 | D:6      | Reached skill level 5 in Armour
  3851 | D:6      | Noticed AVeryAngryQuokka's ghost (novice DsCK)
  3862 | D:6      | Killed AVeryAngryQuokka's ghost
  3977 | D:6      | Found a runed door.
  3981 | D:6      | Noticed Crazy Yiuf
  3985 | D:6      | Killed Crazy Yiuf
  4157 | D:7      | Reached *** piety under Makhleb
  4359 | D:7      | Reached XP level 10. HP: 89/89 MP: 9/9
  4453 | D:7      | Noticed Joseph
  4475 | D:7      | Killed Joseph
  4785 | D:8      | Found a basalt altar of Yredelemnul.
  5396 | D:8      | Reached **** piety under Makhleb
  5574 | D:9      | Found a staircase to the Lair.
  5616 | D:9      | Found Wibb's Weapon Boutique.
  6121 | D:9      | Found a staircase to the Orcish Mines.
  6154 | D:9      | Reached XP level 11. HP: 87/97 MP: 10/10
  6499 | D:10     | Entered Level 10 of the Dungeon
  6499 | D:10     | Noticed Gastronok
  6512 | D:10     | Killed Gastronok
  6512 | D:10     | Reached skill level 10 in Fighting
  6512 | D:10     | Reached skill level 10 in Unarmed Combat
  6581 | D:10     | Noticed a white ugly thing
  6797 | Lair:1   | Entered Level 1 of the Lair of Beasts
  6853 | Lair:1   | Reached skill level 1 in Invocations
  7832 | Lair:2   | Reached ***** piety under Makhleb
  7836 | Lair:2   | Reached XP level 12. HP: 104/106 MP: 14/14
  8003 | Lair:2   | Found a staircase to the Swamp.
  8411 | Lair:2   | Reached skill level 5 in Invocations
  8643 | Lair:3   | Identified a scroll of acquirement
  8763 | Lair:3   | Found a dark tunnel.
  8769 | Volcano  | Entered a volcano
  8928 | Volcano  | Found a radiant altar of Vehumet.
 10517 | Lair:4   | Reached XP level 13. HP: 99/116 MP: 17/17
 10923 | Lair:4   | Found a hole to the Spider Nest.
 11177 | Lair:5   | Reached skill level 10 in Dodging
 11761 | Lair:5   | Noticed gressup's ghost (journeyman MiAK)
 11805 | Lair:5   | Killed gressup's ghost
 12235 | Lair:6   | Entered Level 6 of the Lair of Beasts
 12542 | Lair:5   | Reached skill level 10 in Armour
 13014 | Lair:6   | Found a staircase to the Slime Pits.
 13014 | Lair:6   | Found a viscous altar of Jiyva.
 13432 | Lair:6   | Reached skill level 10 in Invocations
 13565 | Lair:6   | Reached XP level 14. HP: 83/126 MP: 20/20
 13707 | Lair:6   | Reached ****** piety under Makhleb
 15470 | D:10     | Noticed Psyche
 15478 | D:10     | Killed Psyche
 15694 | D:10     | Found Qoklileq's General Store.
 15702 | D:10     | Bought a scroll of blinking for 105 gold pieces
 15702 | D:10     | Bought a scroll of identify for 28 gold pieces
 15915 | Orc:1    | Entered Level 1 of the Orcish Mines
 15915 | Orc:1    | Noticed kimtruck's ghost (journeyman MiBe)
 16406 | Orc:2    | Entered Level 2 of the Orcish Mines
 16466 | Orc:2    | Found a frozen archway.
 16518 | IceCv    | Entered an ice cave
 16547 | IceCv    | Noticed jalala's ghost (journeyman MfGl)
 16606 | IceCv    | Slain by jalala's ghost

Skill      XL: |  1  2  3  4  5  6  7  8  9 10 11 12 13 14 |
---------------+-------------------------------------------+-----
Armour         | 1 2 3 4 6 7 8 9 10 | 10.6
Dodging        | 3 4 5 6 7 9 10 | 10.8
Unarmed Combat | 4 5 6 8 9 10 11 12 | 12.9
Fighting       | 4 5 6 8 9 10 11 12 | 12.6
Invocations    | 4 7 10 11 | 11.4
Stealth        | |  2.1

Action                   |  1- 3 |  4- 6 |  7- 9 | 10-12 | 13-15 || total
-------------------------+-------+-------+-------+-------+-------++-------
Melee: Unarmed           |    93 |   142 |   301 |   737 |   831 ||  2104
       Punch             |     1 |     7 |     7 |    26 |    73 ||   114
Invok: Lesser Servant of |       |       |       |     6 |    17 ||    23
       Major Destruction |       |       |       |     2 |     1 ||     3
Evoke: Wand              |       |       |       |       |     6 ||     6
  Use: Potion            |       |     2 |       |       |     2 ||     4
       Scroll            |       |       |    14 |    13 |     9 ||    36
 Stab: Distracted        |       |       |       |     3 |     2 ||     5
  Eat: Chunk             |     4 |     8 |    15 |    74 |    65 ||   166
       Beef jerky        |       |       |       |       |     1 ||     1
Armor: Scale mail        |    30 |    56 |       |       |       ||    86
       Chain mail        |       |    10 |   142 |   368 |   565 ||  1085
Dodge: Dodged            |    38 |    66 |   126 |   544 |   780 ||  1554
